[Event "Asian Amateur Rapid 2024"]
[Site "Al Ain"]
[Date "2024.12.15"]
[Round "5.22"]
[White "Aamer Saeed, Alyileili"]
[Black "Mosallam, Mohammad"]
[Result "1/2-1/2"]
[ECO "A83"]
[WhiteElo "1619"]
[BlackElo "1753"]
[Annotator "NA COMBH"]
[PlyCount "115"]
[EventDate "2024.12.15"]
[EventType "swiss"]
[EventCountry "UAE"]
[SourceTitle "playchess.com"]
[Source "ChessBase"]
[SourceQuality "1"]
[TimeControl "900+10"]

1. d4 f5 2. e4 fxe4 3. Nc3 Nf6 4. Bg5 g6 5. Bxf6 exf6 6. Nxe4 Bg7 7. Qd2 O-O 8. O-O-O d5 9. Nc3 Nc6 10. Nf3 Bg4 11. h3 Bxf3 12. gxf3 f5 13. f4 Nxd4 14. Qe3 Re8 15. Qg3 c6 16. h4 b5 17. h5 b4 18. Nb1 Qf6 19. c3 Nb5 20. Bxb5 cxb5 21. hxg6 hxg6 22. Rhg1 bxc3 23. bxc3 Rac8 24. Rd3 Rc6 25. Qf3 b4 26. Qxd5+ Kf8 27. Qb3 bxc3 28. Qb4+ Kg8 29. Qb3+ Qe6 30. Re1 Qxb3 31. Rxe8+ Kf7 32. axb3 Kxe8 33. Kc2 Ke7 34. Nxc3 Ke6 35. Re3+ Kd6 36. Rd3+ Ke6 37. Re3+ Kd6 38. Rd3+ Kc5 39. Rd5+ Kb6 40. Rd3 a5 41. Kd2 Rxc3 42. Rxc3 Bxc3+ 43. Kxc3 Kc5 44. f3 Kb5 45. Kb2 Kb4 46. Kc2 Kc5 47. Kc3 Kd5 48. Kd3 Kc5 49. Kc3 Kb5 50. Kb2 Kb4 51. Kc2 Kc5 52. Kc3 Kd5 53. Kd3 Kc5 54. Kc3 Kb5 55. Kb2 Kb4 56. Kc2 Ka3 57. Kc3 Ka2 {[%emt 0:00:02] Check Result:0.00} 58. Kc2 1/2-1/2

[Event "Asian Amateur Rapid 2024"]
[Site "Al Ain"]
[Date "2024.12.15"]
[Round "5.23"]
[White "Eisa Mohmood, Alkhoori"]
[Black "Gong, Bonuonuo"]
[Result "1-0"]
[ECO "B08"]
[WhiteElo "1853"]
[BlackElo "1685"]
[Annotator "NA COMBH"]
[PlyCount "155"]
[EventDate "2024.12.15"]
[EventType "swiss"]
[EventCountry "UAE"]
[SourceTitle "playchess.com"]
[Source "ChessBase"]
[SourceQuality "1"]
[TimeControl "900+10"]

1. e4 d6 2. d4 Nf6 3. Nc3 g6 4. Nf3 Bg7 5. Bc4 c6 6. O-O O-O 7. Bb3 Qc7 8. h3 Rd8 9. Bg5 h6 10. Bh4 Na6 11. Qe2 e5 12. Rad1 exd4 13. Nxd4 Nc5 14. Qf3 g5 15. Bg3 Qe7 16. Rfe1 g4 17. Nf5 Qxe4 18. Qxe4 Nfxe4 19. Ne7+ Kf8 20. Nxe4 Nxe4 21. Rxe4 d5 22. Bh4 Be6 23. Ng6+ Kg8 24. Bxd8 dxe4 25. Bxe6 fxe6 26. Rd7 gxh3 27. gxh3 Bxb2 28. Nf4 b6 29. Nxe6 Be5 30. Nc7 Rc8 31. Ne6 c5 32. Bh4 Rc6 33. Re7 Rd6 34. Kf1 Rd2 35. Rxa7 Rxc2 36. Bg3 Bf6 37. Nc7 c4 38. Nd5 Bd4 39. Rc7 b5 40. Rb7 c3 41. Rc7 Rxa2 42. Nxc3 Ra1+ 43. Ke2 b4 44. Nxe4 b3 45. Nd2 b2 46. Rb7 Bc3 47. Rb8+ Kh7 48. Rb7+ Kg8 49. Rb8+ Kf7 50. Rb7+ Ke8 51. Rb8+ Kd7 52. Rb7+ Ke6 53. Rb6+ Kd5 54. Rd6+ Kc5 55. Ne4+ Kb4 56. Nxc3 Kxc3 57. Be5+ Kc2 58. Rd2+ Kb3 59. Rxb2+ Ka3 60. Rb3+ Kxb3 61. Bxa1 Kc4 62. Kf3 Kd5 63. Kg4 Ke6 64. Bg7 h5+ 65. Kxh5 Kf5 66. Bh6 Kf6 67. Kg4 Kg6 68. Bg5 Kg7 69. h4 Kh7 70. f4 Kg7 71. f5 Kf7 72. h5 Kg7 73. f6+ Kf7 74. Kf5 Kg8 75. Kg6 Kh8 76. Bh6 Kg8 77. f7+ Kh8 {[%emt 0:00:01] Check Result:?ev?} 78. f8=Q# 1-0

[Event "Asian Amateur Rapid 2024"]
[Site "Al Ain"]
[Date "2024.12.15"]
[Round "5.24"]
[White "Al Sabti, Wadhah"]
[Black "Ahsan Feroz"]
[Result "0-1"]
[ECO "B07"]
[WhiteElo "1470"]
[BlackElo "1795"]
[Annotator "NA COMBH"]
[PlyCount "82"]
[EventDate "2024.12.15"]
[EventType "swiss"]
[EventCountry "UAE"]
[SourceTitle "playchess.com"]
[Source "ChessBase"]
[SourceQuality "1"]
[TimeControl "900+10"]

1. d4 Nf6 2. Nc3 g6 3. e4 d6 4. Bf4 Bg7 5. Bd3 Nc6 6. Nf3 Bg4 7. d5 Nd4 8. Be2 Nxe2 9. Qxe2 O-O 10. h3 Bxf3 11. gxf3 e6 12. O-O-O exd5 13. Nxd5 Nxd5 14. exd5 Qf6 15. Qc4 b5 16. Qb4 a5 17. Qc3 Qxf4+ 18. Qd2 Qxd2+ 19. Rxd2 Bh6 20. Rhd1 Rfe8 21. b3 Re2 22. c3 Rae8 23. Kc2 Rxd2+ 24. Rxd2 Bxd2 25. Kxd2 Re5 26. c4 bxc4 27. bxc4 a4 28. Kd3 a3 29. Kd4 Re2 30. c5 Rxa2 31. cxd6 cxd6 32. Kc3 Rxf2 33. f4 a2 34. f5 a1=Q+ 35. Kd3 Qa3+ 36. Ke4 Qf3+ 37. Kd4 Rd2+ 38. Kc4 Qxd5+ 39. Kc3 Qd4+ 40. Kb3 Rb2+ 41. Ka3 {[%emt 0:00:01] Check Result:?ev?} Qb4# 0-1

[Event "Asian Amateur Rapid 2024"]
[Site "Al Ain"]
[Date "2024.12.15"]
[Round "5.25"]
[White "Hamad Shuaib Al Kaff"]
[Black "Mohamed Yousuf Al-Ali"]
[Result "1-0"]
[ECO "D02"]
[WhiteElo "1710"]
[BlackElo "1569"]
[Annotator "NA COMBH"]
[PlyCount "91"]
[EventDate "2024.12.15"]
[EventType "swiss"]
[EventCountry "UAE"]
[SourceTitle "playchess.com"]
[Source "ChessBase"]
[SourceQuality "1"]
[TimeControl "900+10"]

1. d4 d5 2. Nf3 Nf6 3. g3 g6 4. Bg2 Bg7 5. O-O O-O 6. a4 a5 7. Nc3 e6 8. Bf4 Qe7 9. Qd2 Na6 10. Nb5 Ne4 11. Qxa5 b6 12. Qe1 c6 13. Na3 g5 14. Bc1 c5 15. c3 c4 16. Nb5 Bd7 17. Nd2 f5 18. b3 cxb3 19. Ba3 Qf7 20. Bxf8 Qxf8 21. Nxb3 Bxb5 22. axb5 Nc7 23. Rxa8 Qxa8 24. Bxe4 fxe4 25. Qa1 Qxa1 26. Rxa1 Nxb5 27. Ra8+ Kf7 28. Rc8 Kf6 29. Nd2 Kf5 30. Nf1 h5 31. Ne3+ Kg6 32. Kf1 g4 33. Rc6 Kf7 34. Nd1 Na3 35. Rxb6 Nc4 36. Rb7+ Kf6 37. Ne3 Nxe3+ 38. fxe3 Bh6 39. Kf2 Bg5 40. Rc7 h4 41. c4 dxc4 42. Rxc4 h3 43. Rc6 Kf5 44. Rc5+ Kg6 45. d5 Kf5 {[%emt 0:03:48] Check Result:1.44} 46. Rc6 1-0

[Event "Asian Amateur Rapid 2024"]
[Site "Al Ain"]
[Date "2024.12.15"]
[Round "5.26"]
[White "Saket Atul Kumar"]
[Black "Ahmed Younes Alkhemeiri"]
[Result "1-0"]
[ECO "C47"]
[WhiteElo "1633"]
[BlackElo "1584"]
[Annotator "NA COMBH"]
[PlyCount "77"]
[EventDate "2024.12.15"]
[EventType "swiss"]
[EventCountry "UAE"]
[SourceTitle "playchess.com"]
[Source "ChessBase"]
[SourceQuality "1"]
[TimeControl "900+10"]

1. e4 e5 2. Nf3 Nc6 3. Nc3 Nf6 4. d4 exd4 5. Nxd4 Bc5 6. Be3 Bxd4 7. Bxd4 Nxd4 8. Qxd4 d6 9. O-O-O Be6 10. f4 Bg4 11. Re1 O-O 12. f5 c5 13. Qd2 Re8 14. h3 Bxf5 15. exf5 Rxe1+ 16. Qxe1 Qd7 17. Bd3 a6 18. g4 b5 19. g5 Ne8 20. g6 fxg6 21. fxg6 h6 22. Be4 Rc8 23. Rf1 Nf6 24. Bf5 Qc7 25. Qe6+ Kh8 26. Qxc8+ Qxc8 27. Bxc8 b4 28. Nd5 Kg8 29. Be6+ Kf8 30. Nxf6 gxf6 31. Rxf6+ Ke7 32. Rf7+ Kxe6 33. Rf1 c4 34. g7 b3 35. g8=Q+ Kd7 36. Rf7+ Kc6 37. Qc8+ Kb5 38. Rf5+ Ka4 {[%emt 0:00:01] Check Result:#1} 39. Qxa6+ 1-0

[Event "Asian Amateur Rapid 2024"]
[Site "Al Ain"]
[Date "2024.12.15"]
[Round "5.27"]
[White "Al Balushi, Salim"]
[Black "Mohammed Hamad Alkhemeiri"]
[Result "1-0"]
[ECO "A18"]
[WhiteElo "1612"]
[BlackElo "1482"]
[Annotator "NA COMBH"]
[PlyCount "59"]
[EventDate "2024.12.15"]
[EventType "swiss"]
[EventCountry "UAE"]
[SourceTitle "playchess.com"]
[Source "ChessBase"]
[SourceQuality "1"]
[TimeControl "900+10"]

1. c4 Nf6 2. Nc3 e6 3. e4 Bb4 4. d3 d6 5. g3 b6 6. Bg2 Bb7 7. Nge2 O-O 8. a3 Bxc3+ 9. Nxc3 Nbd7 10. O-O c5 11. Be3 a6 12. h3 Qc7 13. Qd2 Rfb8 14. f4 e5 15. Rf2 Nh5 16. Re1 exf4 17. gxf4 Nhf6 18. Bf3 g6 19. Rg2 Nf8 20. h4 h5 21. Kh1 Bc8 22. f5 Kh7 23. Bg5 Ng4 24. Nd5 Qd7 25. Bxg4 hxg4 26. Nf6+ Kh8 27. Nxd7 Bxd7 28. Bf6+ Kh7 29. Rxg4 Re8 {[%emt 0:00:25] Check Result:#5} 30. h5 1-0

[Event "Asian Amateur Rapid 2024"]
[Site "Al Ain"]
[Date "2024.12.15"]
[Round "5.28"]
[White "Shafaghati, Rastin"]
[Black "Humaidan Mohamed, Alzaabi"]
[Result "0-1"]
[ECO "D00"]
[WhiteElo "1575"]
[BlackElo "1811"]
[Annotator "NA COMBH"]
[PlyCount "126"]
[EventDate "2024.12.15"]
[EventType "swiss"]
[EventCountry "UAE"]
[SourceTitle "playchess.com"]
[Source "ChessBase"]
[SourceQuality "1"]
[TimeControl "900+10"]

1. d4 Nf6 2. Nf3 g6 3. Nc3 d5 4. Bf4 Bg7 5. Nb5 Na6 6. e3 c6 7. Nc3 O-O 8. h3 Nc7 9. Be2 Ne6 10. Bh2 c5 11. O-O cxd4 12. exd4 Ne4 13. Qd3 Nxc3 14. Qxc3 Qb6 15. Rfd1 Bd7 16. Qd2 Bb5 17. Bxb5 Qxb5 18. c3 Rac8 19. Ne5 Rfd8 20. Qc2 Qb6 21. Qb3 Qa6 22. Qc2 Qb6 23. Qb3 Qa6 24. Qc2 Bh6 25. Qd3 Qb6 26. Qe2 Nf4 27. Qf3 Qf6 28. Ng4 Qg5 29. Nxh6+ Qxh6 30. Bxf4 Qh4 31. Bg3 Qg5 32. Qf4 Qxf4 33. Bxf4 b5 34. a3 Rc4 35. Re1 e6 36. h4 Rdc8 37. g4 a5 38. Rac1 R8c6 39. h5 Ra6 40. hxg6 hxg6 41. Be5 Rac6 42. Re3 b4 43. axb4 axb4 44. Bf6 Kf8 45. Rh3 Ke8 46. Rh8+ Kd7 47. Rh3 Kc8 48. Kf1 Kb7 49. Ke2 Kb6 50. Kd3 Kb5 51. Rh8 Ka4 52. Ra8+ Kb3 53. Rb8 Kxb2 54. Rc2+ Kb3 55. Be7 Rxc3+ 56. Rxc3+ Rxc3+ 57. Ke2 Rc4 58. Bc5 Kc3 59. Kd1 b3 60. Kc1 Ra4 61. Bb4+ Rxb4 62. Rxb4 Kxb4 63. Kb2 {[%emt 0:00:03] Check Result:-#14} Kc4 0-1

[Event "Asian Amateur Rapid 2024"]
[Site "Al Ain"]
[Date "2024.12.15"]
[Round "5.29"]
[White "Maleki, Alimohammad"]
[Black "Rashed Abubaker, Alhemeiri"]
[Result "0-1"]
[ECO "B13"]
[WhiteElo "1488"]
[BlackElo "1861"]
[Annotator "NA COMBH"]
[PlyCount "80"]
[EventDate "2024.12.15"]
[EventType "swiss"]
[EventCountry "UAE"]
[SourceTitle "playchess.com"]
[Source "ChessBase"]
[SourceQuality "1"]
[TimeControl "900+10"]

1. d4 d5 2. Bf4 Nf6 3. e3 c5 4. Nc3 cxd4 5. exd4 a6 6. Bd3 Bg4 7. f3 Bd7 8. Qd2 Nc6 9. Nge2 e6 10. a3 b5 11. b4 Be7 12. O-O O-O 13. Ng3 Qb6 14. Be3 Rfc8 15. Na2 Bd6 16. Nc1 a5 17. Nb3 axb4 18. Nc5 bxa3 19. Rfb1 b4 20. c3 Rcb8 21. Qc2 Qa5 22. Qa2 g6 23. Nb3 Qc7 24. Nc5 Bxc5 25. dxc5 bxc3 26. Rxb8+ Qxb8 27. Rb1 Nb4 28. Qb3 a2 29. Ra1 Nxd3 30. Qxb8+ Rxb8 31. Rxa2 Kg7 32. Bd4 Rb1+ 33. Nf1 Rb2 34. Rxb2 cxb2 35. Nd2 Ba4 36. Kf1 e5 37. Bxb2 Nxb2 38. Nb1 Nd7 39. Nc3 Bc6 40. Ke2 {[%emt 0:00:13] Check Result:-25.33} Nxc5 0-1

[Event "Asian Amateur Rapid 2024"]
[Site "Al Ain"]
[Date "2024.12.15"]
[Round "5.31"]
[White "Alymjanov, Mekan"]
[Black "Kanev, Evgeny"]
[Result "0-1"]
[ECO "E73"]
[WhiteElo "1480"]
[BlackElo "1785"]
[Annotator "NA COMBH"]
[PlyCount "124"]
[EventDate "2024.12.15"]
[EventType "swiss"]
[EventCountry "UAE"]
[SourceTitle "playchess.com"]
[Source "ChessBase"]
[SourceQuality "1"]
[TimeControl "900+10"]

1. d4 Nf6 2. c4 g6 3. Nc3 Bg7 4. e4 d6 5. Be2 O-O 6. Be3 e5 7. d5 Ne8 8. g4 f5 9. gxf5 gxf5 10. exf5 Bxf5 11. Qd2 Nd7 12. h4 Ndf6 13. h5 Ng4 14. h6 Bf6 15. Rh5 Nxe3 16. Qxe3 Bg6 17. Qg3 Kh8 18. Rh2 e4 19. Nh3 Be5 20. Qg2 Qf6 21. Rc1 Bxh2 22. Qxh2 Qf5 23. Qg2 Nf6 24. Ng5 Rae8 25. Nb5 Re7 26. Rc3 Nh5 27. Nd4 Nf4 28. Qg3 Qe5 29. Nge6 Nxe2 30. Kxe2 Qxg3 31. Rxg3 Rff7 32. Nb5 a6 33. Nc3 c6 34. Re3 Rxe6 35. dxe6 Re7 36. Nxe4 Rxe6 37. Ng5 Rxe3+ 38. Kxe3 Kg8 39. Ne6 Bf5 40. Nd8 Bc8 41. f4 Kf8 42. f5 Ke7 43. Kf4 Kxd8 44. Kg5 Ke7 45. a3 d5 46. c5 d4 47. Kf4 Kf6 48. Ke4 d3 49. Kxd3 Bxf5+ 50. Ke3 Ke5 51. Ke2 Kd4 52. Kd2 Kxc5 53. Kc3 a5 54. Kb3 b5 55. Kc3 a4 56. Kd2 Kc4 57. Ke3 Bg6 58. Kf4 Kb3 59. Ke5 Kxb2 60. Kd6 Kxa3 61. Kxc6 Kb2 62. Kxb5 {[%emt 0:00:02] Check Result:-#9} a3 0-1

[Event "Asian Amateur Rapid 2024"]
[Site "Al Ain"]
[Date "2024.12.15"]
[Round "5.32"]
[White "taleb al, ameri"]
[Black "Obado, Sean Adrich"]
[Result "0-1"]
[ECO "B22"]
[WhiteElo "1623"]
[BlackElo "1605"]
[Annotator "NA COMBH"]
[PlyCount "102"]
[EventDate "2024.12.15"]
[EventType "swiss"]
[EventCountry "UAE"]
[SourceTitle "playchess.com"]
[Source "ChessBase"]
[SourceQuality "1"]
[TimeControl "900+10"]

1. e4 c5 2. c3 Nf6 3. e5 Nd5 4. c4 Nb6 5. f4 d6 6. Nf3 Bf5 7. Nc3 Nc6 8. d3 e6 9. Be2 dxe5 10. fxe5 Be7 11. O-O O-O 12. a3 Nxe5 13. Nxe5 Qd4+ 14. Kh1 Qxe5 15. Bf4 Qd4 16. Rb1 Rfd8 17. Nb5 Qd7 18. Bc7 Rdc8 19. Be5 a6 20. Nc3 Rd8 21. Ne4 Nxc4 22. dxc4 Bxe4 23. Qe1 Bxb1 24. Qxb1 Qd2 25. Bh5 Rf8 26. Bc3 Qh6 27. Bf3 Bd6 28. h3 Qf4 29. Kg1 Qh2+ 30. Kf2 Bg3+ 31. Ke2 Be5 32. Rh1 Qf4 33. g3 Qf6 34. Be4 Bxc3 35. Bxh7+ Kh8 36. bxc3 Qe5+ 37. Be4 f5 38. Qxb7 Qxe4+ 39. Qxe4 fxe4 40. Ke3 Rf3+ 41. Kxe4 Rxc3 42. g4 Rxc4+ 43. Ke5 Rc3 44. g5 Rxa3 45. h4 Rd8 46. h5 Rd5+ 47. Kxe6 Rxg5 48. h6 Rg6+ 49. Kf7 Rf6+ 50. Ke7 Re3+ 51. Kd7 {[%emt 0:00:03] Check Result:-#13} gxh6 0-1

[Event "Asian Amateur Rapid 2024"]
[Site "Al Ain"]
[Date "2024.12.15"]
[Round "5.33"]
[White "Olimjonov, Muhammadziyo"]
[Black "Kalikhan, Abilmansur"]
[Result "1-0"]
[ECO "D02"]
[WhiteElo "1505"]
[BlackElo "1731"]
[Annotator "NA COMBH"]
[PlyCount "117"]
[EventDate "2024.12.15"]
[EventType "swiss"]
[EventCountry "UAE"]
[SourceTitle "playchess.com"]
[Source "ChessBase"]
[SourceQuality "1"]
[TimeControl "900+10"]

1. c4 Nf6 2. g3 c6 3. Bg2 d5 4. cxd5 cxd5 5. d4 Nc6 6. Nc3 a6 7. Nf3 e6 8. O-O Bd6 9. Bg5 Be7 10. Bf4 h6 11. Ne5 Bd6 12. Nxc6 bxc6 13. Bxd6 Qxd6 14. Re1 Bb7 15. Na4 Nd7 16. Rc1 Rc8 17. Nc5 Nxc5 18. Rxc5 O-O 19. Qb3 Rb8 20. Rec1 Rfc8 21. Qa4 e5 22. Bh3 Re8 23. e3 exd4 24. Qxd4 Re4 25. Qd3 Rb4 26. R1c2 Rb5 27. R5c3 c5 28. b3 d4 29. exd4 cxd4 30. Rc4 Qd5 31. f3 Rd8 32. Bg2 Qe5 33. Re2 Qf6 34. Rd2 Ra5 35. a4 Rf5 36. Kf2 g5 37. Rc7 Bxf3 38. Bxf3 g4 39. Kg2 Rxf3 40. Qe4 h5 41. Rc6 Qg7 42. b4 Re3 43. Qf4 Rde8 44. Rxa6 d3 45. Ra8 Qc3 46. Qg5+ Qg7 47. Qxg7+ Kxg7 48. Rxe8 Re6 49. Re7 Rxe7 50. Rxd3 Re2+ 51. Kg1 Rb2 52. b5 Rb1+ 53. Kf2 Rb2+ 54. Ke3 Rxh2 55. b6 Rb2 56. a5 Rb5 57. Ra3 h4 58. gxh4 g3 {[%emt 0:00:03] Check Result:#22} 59. Kf3 1-0

[Event "Asian Amateur Rapid 2024"]
[Site "Al Ain"]
[Date "2024.12.15"]
[Round "5.34"]
[White "Al Mamari, Said Ahmed"]
[Black "Godhani Maharth"]
[Result "1-0"]
[ECO "C47"]
[WhiteElo "1707"]
[BlackElo "1798"]
[Annotator "NA COMBH"]
[PlyCount "39"]
[EventDate "2024.12.15"]
[EventType "swiss"]
[EventCountry "UAE"]
[SourceTitle "playchess.com"]
[Source "ChessBase"]
[SourceQuality "1"]
[TimeControl "900+10"]

1. e4 e5 2. Nf3 Nc6 3. Nc3 Nf6 4. a3 d5 5. Bb5 Bg4 6. exd5 Nxd5 7. Qe2 f6 8. h3 Nxc3 9. dxc3 Bd7 10. Be3 Bd6 11. Bc4 Qe7 12. O-O-O O-O-O 13. Rhe1 Bf5 14. Bd5 Bxa3 15. Bxc6 bxc6 16. Qa6+ Kb8 17. Bxa7+ Ka8 18. Bb6+ Kb8 19. Qa7+ Kc8 {[%emt 0:00:02] Check Result:?ev?} 20. Qa8# 1-0

[Event "Asian Amateur Rapid 2024"]
[Site "Al Ain"]
[Date "2024.12.15"]
[Round "5.35"]
[White "Alajati, Abdl Alrahman."]
[Black "nawaf saleh basabaien"]
[Result "0-1"]
[ECO "C41"]
[WhiteElo "1555"]
[BlackElo "1729"]
[Annotator "NA COMBH"]
[PlyCount "126"]
[EventDate "2024.12.15"]
[EventType "swiss"]
[EventCountry "UAE"]
[SourceTitle "playchess.com"]
[Source "ChessBase"]
[SourceQuality "1"]
[TimeControl "900+10"]

1. e4 d6 2. d4 Nf6 3. Nc3 Nbd7 4. Nf3 e5 5. dxe5 dxe5 6. Bc4 Be7 7. Bxf7+ Kxf7 8. Ng5+ Kg8 9. Ne6 Qe8 10. Nxc7 Qg6 11. Nxa8 Qxg2 12. Rf1 Nc5 13. Be3 Bh3 14. Qe2 Qxf1+ 15. Qxf1 Bxf1 16. Kxf1 Ncxe4 17. Nxe4 Nxe4 18. Bxa7 Kf7 19. Nc7 Rc8 20. Nd5 Rxc2 21. Nxe7 Kxe7 22. b4 Ke6 23. Be3 Nc3 24. a3 Ra2 25. Rxa2 Nxa2 26. Bd2 Kd5 27. Ke2 Kc4 28. Ke3 Kb3 29. Kd3 Kxa3 30. Kc4 Ka4 31. b5 b6 32. Be3 Ka5 33. Kb3 Nb4 34. Bd2 Kxb5 35. Bxb4 Kc6 36. Bc3 Kd5 37. Kb4 g5 38. Bd2 g4 39. Kb5 Ke4 40. Be3 Kf3 41. Kxb6 Kg2 42. Kc5 Kxh2 43. Kd5 g3 44. f3 Kg2 45. Ke4 h5 46. Bg5 Kf1 47. Kxe5 Ke2 48. Ke4 h4 49. Bf4 g2 50. Bh2 Kf2 51. f4 g1=Q 52. Bxg1+ Kxg1 53. f5 h3 54. f6 h2 55. f7 h1=Q+ 56. Ke5 Qh8+ 57. Ke6 Qf8 58. Kf6 Kg2 59. Ke6 Kh3 60. Kf6 Kh4 61. Kg6 Kg4 62. Kf6 Kh5 63. Ke6 {[%emt 0:00:02] Check Result:-#9} Kg6 0-1

[Event "Asian Amateur Rapid 2024"]
[Site "Al Ain"]
[Date "2024.12.15"]
[Round "5.37"]
[White "Lee, Onbin"]
[Black "Sharfa, Farukh"]
[Result "0-1"]
[ECO "B12"]
[WhiteElo "1686"]
[BlackElo "1536"]
[Annotator "NA COMBH"]
[PlyCount "89"]
[EventDate "2024.12.15"]
[EventType "swiss"]
[EventCountry "UAE"]
[SourceTitle "playchess.com"]
[Source "ChessBase"]
[SourceQuality "1"]
[TimeControl "900+10"]

1. e4 c6 2. d4 d5 3. e5 c5 4. Nf3 Bg4 5. Bb5+ Nc6 6. dxc5 e6 7. b4 Nge7 8. O-O Nf5 9. h3 Bxf3 10. Qxf3 Nfd4 11. Bxc6+ Nxc6 12. Qc3 Qc7 13. f4 Be7 14. Nd2 O-O 15. Nf3 Nxb4 16. Be3 Na6 17. Rab1 Rab8 18. Nd4 Bxc5 19. Nb5 Bxe3+ 20. Qxe3 Qc5 21. Qxc5 Nxc5 22. Nxa7 Ne4 23. Rfe1 Rfd8 24. Nb5 Rdc8 25. Nd6 Nxd6 26. exd6 Rc6 27. c4 Rxd6 28. cxd5 Rxd5 29. Rb6 g6 30. Reb1 Rd7 31. a4 Ra8 32. R1b4 Ra7 33. Kf2 Kg7 34. Ke3 Kf6 35. g4 h6 36. h4 Rc7 37. g5+ hxg5 38. hxg5+ Kg7 39. Ke4 Kf8 40. Ke5 Ke7 41. Kd4 Rd7+ 42. Kc4 Kd8 43. R6b5 Kc8 44. Rc5+ Rc7 {-0.25} 45. Kd4 0-1

[Event "Asian Amateur Rapid 2024"]
[Site "Al Ain"]
[Date "2024.12.15"]
[Round "5.38"]
[White "Mohammed Saeed Alshamsi"]
[Black "Abdulla Younes Alkhemeiri"]
[Result "0-1"]
[ECO "D11"]
[WhiteElo "1535"]
[BlackElo "1547"]
[Annotator "NA COMBH"]
[PlyCount "52"]
[EventDate "2024.12.15"]
[EventType "swiss"]
[EventCountry "UAE"]
[SourceTitle "playchess.com"]
[Source "ChessBase"]
[SourceQuality "1"]
[TimeControl "900+10"]

1. d4 Nf6 2. c4 g6 3. Nf3 Bg7 4. g3 c6 5. Bg2 d5 6. Qc2 Bf5 7. Qb3 Qc8 8. O-O O-O 9. Nc3 dxc4 10. Qxc4 Nbd7 11. Re1 Nb6 12. Qb3 Bh3 13. Bh1 h6 14. e4 Ng4 15. e5 Rd8 16. Qc2 Qd7 17. e6 Qe8 18. exf7+ Qxf7 19. Qe4 Bxd4 20. Re2 Bxc3 21. bxc3 Rd1+ 22. Re1 Rxe1+ 23. Qxe1 Rf8 24. Ba3 Nc4 25. Qxe7 Nxa3 26. Qxa3 {[%emt 0:00:04] Check Result:-3.77} Ne5 0-1

[Event "Asian Amateur Rapid 2024"]
[Site "Al Ain"]
[Date "2024.12.15"]
[Round "5.40"]
[White "Sinno, Abdul Salam"]
[Black "Al Riyami, Saeed"]
[Result "*"]
[ECO "D00"]
[WhiteElo "1527"]
[BlackElo "1426"]
[Annotator "NA COMBH"]
[PlyCount "39"]
[EventDate "2024.12.15"]
[EventType "swiss"]
[EventCountry "UAE"]
[SourceTitle "playchess.com"]
[Source "ChessBase"]
[SourceQuality "1"]
[TimeControl "900+10"]

1. d4 d5 2. Bf4 Nf6 3. e3 Bf5 4. c4 e6 5. Qb3 c5 6. Qxb7 Qa5+ 7. Nd2 Ne4 8. Ngf3 Bg4 9. Rd1 Nxd2 10. Rxd2 Bxf3 11. gxf3 Qxa2 12. Qxa8 cxd4 13. Qxb8+ Ke7 14. exd4 Qxc4 15. Bxc4 dxc4 16. d5 a5 17. d6+ Kd7 18. Qc7+ Ke8 19. d7+ Ke7 {[%emt 0:00:00] Check Result:?ev?} 20. d8=Q# *

[Event "Asian Amateur Rapid 2024"]
[Site "Al Ain"]
[Date "2024.12.15"]
[Round "5.41"]
[White "Sultan Ahmed AlMheiri"]
[Black "Muhammad Saleem, Hamad"]
[Result "1-0"]
[ECO "C54"]
[WhiteElo "1569"]
[BlackElo "1577"]
[Annotator "NA COMBH"]
[PlyCount "63"]
[EventDate "2024.12.15"]
[EventType "swiss"]
[EventCountry "UAE"]
[SourceTitle "playchess.com"]
[Source "ChessBase"]
[SourceQuality "1"]
[TimeControl "900+10"]

1. e4 e5 2. Nf3 Nc6 3. Bc4 Nf6 4. d3 Bc5 5. c3 h6 6. O-O d6 7. Nbd2 Be6 8. Bb3 O-O 9. h3 Ne7 10. Re1 Ng6 11. Nf1 c6 12. Bc2 d5 13. exd5 cxd5 14. Nxe5 Nxe5 15. Rxe5 Qd6 16. d4 Bb6 17. Ng3 Nd7 18. Re1 Bc7 19. Qd3 Nf6 20. f4 Rfe8 21. Bd2 Bd7 22. Qf3 Rxe1+ 23. Rxe1 Re8 24. Rxe8+ Bxe8 25. Nf5 Qe6 26. Ne3 Ne4 27. Be1 Bb5 28. c4 Bc6 29. cxd5 Bxd5 30. Nxd5 Qxd5 31. Qxe4 Qxa2 {[%emt 0:00:00] Check Result:?ev?} 32. Qe8# 1-0

[Event "Asian Amateur Rapid 2024"]
[Site "Al Ain"]
[Date "2024.12.15"]
[Round "5.42"]
[White "KHALID ALHAWAY"]
[Black "Amirgali, Nurali"]
[Result "0-1"]
[ECO "B13"]
[WhiteElo "1529"]
[BlackElo "1572"]
[Annotator "NA COMBH"]
[PlyCount "106"]
[EventDate "2024.12.15"]
[EventType "swiss"]
[EventCountry "UAE"]
[SourceTitle "playchess.com"]
[Source "ChessBase"]
[SourceQuality "1"]
[TimeControl "900+10"]

1. e4 c6 2. Nf3 d5 3. exd5 cxd5 4. d4 Bg4 5. Bf4 Qb6 6. Bc1 Nc6 7. Be2 e6 8. c3 Bd6 9. h3 Bh5 10. Nbd2 Nf6 11. Qb3 Qc7 12. c4 O-O 13. c5 Be7 14. Nf1 Bxf3 15. Bxf3 Nxd4 16. Qc3 Nxf3+ 17. Qxf3 Qxc5 18. Be3 Qb4+ 19. Nd2 Qxb2 20. O-O Qa3 21. Qg3 Qd6 22. Qf3 Rfc8 23. Rfc1 b6 24. Nf1 h6 25. Ng3 Rxc1+ 26. Rxc1 Qd7 27. Rd1 Bc5 28. Bf4 Bd6 29. Be3 Re8 30. Bd4 e5 31. Bb2 d4 32. Nf5 Qe6 33. Bc1 Be7 34. Re1 e4 35. Qf4 Bc5 36. Nxg7 Kxg7 37. Qxh6+ Kg8 38. f3 e3 39. Bb2 Nh7 40. Qh5 Qe5 41. Qg4+ Qg5 42. Qd7 Re7 43. Qd8+ Kg7 44. Bxd4+ Bxd4 45. Qxd4+ Qe5 46. Qg4+ Kh8 47. Qc8+ Re8 48. Qg4 e2 49. a4 Qe3+ 50. Kh2 Qf2 51. Qd7 Rg8 52. Rxe2 Qxe2 53. Qxf7 {[%emt 0:00:03] Check Result:?ev?} Qxg2# 0-1

[Event "Asian Amateur Rapid 2024"]
[Site "Al Ain"]
[Date "2024.12.15"]
[Round "6.1"]
[White "Ahmad, Al Romaithi"]
[Black "Abdulrahim, Salem"]
[Result "1-0"]
[ECO "B33"]
[WhiteElo "1976"]
[BlackElo "1843"]
[Annotator "NA COMBH"]
[PlyCount "113"]
[EventDate "2024.12.15"]
[EventType "swiss"]
[EventCountry "UAE"]
[SourceTitle "playchess.com"]
[Source "ChessBase"]
[SourceQuality "1"]
[TimeControl "900+10"]

1. e4 c5 2. Nf3 Nc6 3. d4 cxd4 4. Nxd4 Nf6 5. Nc3 e5 6. Ndb5 d6 7. Bg5 a6 8. Na3 b5 9. Bxf6 gxf6 10. Nd5 Bg7 11. Bd3 Ne7 12. Nxe7 Qxe7 13. O-O O-O 14. c4 f5 15. Qh5 bxc4 16. Nxc4 d5 17. exd5 e4 18. Be2 Rb8 19. Rab1 Qc5 20. Ne3 Rxb2 21. Rbc1 Qe7 22. d6 Qf6 23. Rfd1 f4 24. d7 Bxd7 25. Nc4 Rb7 26. Nd6 Ra7 27. Nxe4 Qg6 28. Qc5 Rfa8 29. Nd6 Bh3 30. Qd5 Rd8 31. Bh5 Bxg2 32. Bxg6 Bxd5 33. Nxf7 Rxf7 34. Bxf7+ Kxf7 35. Rc7+ Kf6 36. Rc5 Ke6 37. Re1+ Be5 38. f3 Rb8 39. Rc7 Rb7 40. Rc8 Rg7+ 41. Kf2 Kf6 42. Rf8+ Bf7 43. Rd8 Rg8 44. Rd7 Rf8 45. Rb1 Rc8 46. Rb6+ Be6 47. Rd2 Rc7 48. Rxa6 Rc4 49. Re2 Kf5 50. Ra5 Kf6 51. Raxe5 Bf5 52. Ra5 h5 53. h4 Rc3 54. Rb2 Rc1 55. Rb6+ Be6 56. Raa6 Rc2+ {[%emt 0:00:02] Check Result:10.62} 57. Ke1 1-0

[Event "Asian Amateur Rapid 2024"]
[Site "Al Ain"]
[Date "2024.12.15"]
[Round "6.2"]
[White "Mohamed Saeed Laily"]
[Black "Lovakov, Egor Vlad"]
[Result "0-1"]
[ECO "E20"]
[WhiteElo "1984"]
[BlackElo "1763"]
[Annotator "NA COMBH"]
[PlyCount "62"]
[EventDate "2024.12.15"]
[EventType "swiss"]
[EventCountry "UAE"]
[SourceTitle "playchess.com"]
[Source "ChessBase"]
[SourceQuality "1"]
[TimeControl "900+10"]

1. d4 Nf6 2. c4 e6 3. Nc3 Bb4 4. g3 O-O 5. Bg2 d5 6. Nf3 dxc4 7. O-O Nc6 8. Qa4 Rb8 9. Rd1 Bxc3 10. bxc3 b5 11. Qc2 Bb7 12. a4 a6 13. Ba3 Re8 14. Rdb1 Na5 15. Nd2 Bxg2 16. Kxg2 e5 17. axb5 axb5 18. Bc5 Nc6 19. Ra6 exd4 20. Nf3 d3 21. exd3 cxd3 22. Qb3 Ne5 23. Nxe5 Rxe5 24. Bd4 Qd5+ 25. Qxd5 Rxd5 26. Rc6 Rd7 27. Kf3 Nd5 28. Ke4 d2 29. Kd3 b4 30. Kc2 h6 31. c4 {[%emt 0:00:11] Check Result:-7.52} Ne7 0-1